 Dungeon Crawl Stone Soup version 0.30.0-29-ga12c61a403 (webtiles) character file.

Game seed: 1701508488352640115

881 ChadusMaximus the Caller (level 8, -3/52 HPs)
             Began as a Human Summoner on June 22, 2023.
             Was an Initiate of Yredelemnul.
             Succumbed to a scorpion's poison
             ... on level 5 of the Dungeon.
             The game lasted 00:08:40 (6455 turns).

ChadusMaximus the Caller (Human Summoner)           Turns: 6455, Time: 00:08:41

Health: -3/52      AC:  3    Str:  8    XL:     8   Next: 25%
Magic:  5/14       EV: 29    Int: 18    God:    Yredelemnul [......]
Gold:   308        SH:  0    Dex: 14    Spells: 9/15 levels left

rFire   . . .        l - +0 spear
rCold   + . .        (no shield)
rNeg    . . .        a - +0 robe
rPois   .            (no helmet)
rElec   .            p - scarf {+Inv}
rCorr   .            v - +0 pair of gloves
SInv    .            (no boots)
Will    .....        q - amulet of the acrobat
Stlth   ++           h - ring of protection from cold
HPRegen 0.28/turn    (no ring)
MPRegen 0.14/turn

%: acrobat
@: lethally poisoned (-3 -> -25), acrobatic
A: no striking features
a: Renounce Religion, Evoke Invisibility, Recall Undead Harvest


You were on level 5 of the Dungeon.
You worshipped Yredelemnul.
Yredelemnul was noncommittal.
You visited 2 branches of the dungeon, and saw 6 of its levels.

You collected 308 gold pieces.

Inventory:

Hand Weapons
 f - a +0 club
 j - a +0 dagger
 l - a +0 spear (weapon)
Armour
 a - a +0 robe (worn)
 p - a scarf of invisibility (worn)
 v - a +0 pair of gloves (worn)
Jewellery
 h - a ring of protection from cold (left hand)
 q - an amulet of the acrobat (around neck)
 x - a ring of flight
Scrolls
 d - 2 scrolls of fear {unknown}
 e - 2 scrolls of identify {unknown}
 i - 3 scrolls of fog {unknown}
 k - a scroll of torment {unknown}
 m - 2 scrolls of poison {unknown}
 n - 5 scrolls of teleportation {unknown}
 r - a scroll of blinking {unknown}
 s - a scroll of noise {unknown}
 t - a scroll of magic mapping {unknown}
 w - a scroll of enchant weapon {unknown}
Potions
 b - a potion of magic
 c - 2 potions of curing {unknown}
 g - 3 potions of flight {unknown}
 o - 2 potions of lignification {unknown}
 u - 2 potions of ambrosia {unknown}


   Skills:
 + Level 4.8 Dodging
 - Level 2.0 Stealth
 + Level 4.4 Spellcasting
 * Level 7.4 Summonings


You had 9 spell levels left.
You knew the following spells:

 Your Spells              Type           Power      Damage    Failure   Level
a - Summon Small Mammal   Summ           100%       N/A       1%          1
b - Call Imp              Summ           60%        N/A       1%          2
c - Call Canine Familiar  Summ           30%        N/A       1%          3

Your spell library contained the following spells:

 Spells                   Type           Power      Damage    Failure   Level
 Summon Guardian Golem    Hex/Summ       17%        N/A       9%          3
 Sandblast                Erth           6%         2d5       14%         1
 Slow                     Hex            12%        N/A       14%         1
 Ensorcelled Hibernation  Hex/Ice        6%         N/A       22%         2
 Passwall                 Tmut/Erth      2%         N/A       22%         2
 Summon Lightning Spire   Summ/Air       17%        N/A       30%         4
 Confusing Touch          Hex            3%         N/A       38%         3
 Stone Arrow              Conj/Erth      6%         3d7       38%         3
 Swiftness                Air            3%         N/A       38%         3
 Vampiric Draining        Necr           3%         2d6       38%         3
 Borgnjor's Vile Clutch   Necr/Erth      1%         N/A       98%         5
 Animate Dead             Necr           Unusable   N/A       N/A         4
 Death Channel            Necr           Unusable   N/A       N/A         6

Dungeon Overview and Level Annotations

Branches:
Dungeon (5/15)             Temple (1/1) D:5

Altars:
Ashenzari
Cheibriados
Dithmenos
Fedhas
Gozag
Hepliaklqana
Kikubaaqudgha
Makhleb
Nemelex Xobeh
Okawaru
Qazlal
Ru
Sif Muna
Trog
Uskayaw
Vehumet
Wu Jian
Yredelemnul
Zin
The Shining One

Shops:
D:4 *?

Annotations:
D:4 2 transporters, Graphine's ghost, novice HOFi


Message History

Your wolf bites the scorpion but does no damage.
The scorpion closely misses your wolf.
Your wolf bites the scorpion!
The scorpion dies!
The scorpion attacks as you move away! The scorpion closely misses you.
You feel sick.
Your wolf completely misses the scorpion.
The scorpion attacks as you move away! The scorpion completely misses you.
You feel sick.
Your wolf barely misses the scorpion.
You feel sick.
You feel sick.
Your wolf closely misses the scorpion.
The scorpion completely misses you. The scorpion attacks as you move away!
The scorpion completely misses you.
You feel sick.
Your wolf misses the scorpion. The scorpion attacks as you move away!
The scorpion completely misses you.
You feel sick.
You are no longer poisoned.
Your wolf bites the scorpion but does no damage.
Your wolf barely misses the scorpion.
Casting: Call Canine Familiar (safe; 1% risk of failure)
Confirm with . or Enter, or press ? or * to list all spells.
A tiny devil pulls itself out of the air.
The scorpion stings you.
* * * LOW HITPOINT WARNING * * *
Your wolf bites the scorpion.
The scorpion stings you but does no damage.
Your wolf barely misses the scorpion.
Your wolf closely misses the scorpion.
Your cerulean imp barely misses the scorpion.
Your cerulean imp hits the scorpion with a -1 spear.
Your wolf closely misses the scorpion.
Your cerulean imp closely misses the scorpion.
Your wolf barely misses the scorpion.
The scorpion stings you.
* * * LOW HITPOINT WARNING * * *
You are lethally poisoned!
The scorpion poisons you! The scorpion attacks as you move away!
The scorpion stings you.
* * * LOW HITPOINT WARNING * * *
You are more poisoned.
The scorpion poisons you!
You die...
Your body rises from the dead as a mindless zombie.

..# #...........########### ..#
#...........+..#...5.#. ..#
#...........##.##5##5#.
..############'###.....#.##.#..#.
ยง.+...........................)..
..#####...####.###.###...####.##.
..# #...# #.##..# ###...<#)##.
..############.#...##########.##<
.............hs.@.###.......#.##.
##..........5..##...#.#####.#.##.
#..###........##.#.#.#.....#.###
#.##_##.......##.#......#..#.#
####...####....##.............#
#.5.......##......#.......#####
.h##...##..###.####.......#
.###_._###.._#...+#.#...#.#
..#######..########.......#


You could see a scorpion (ally target), a friendly wolf (summoned) and a
friendly cerulean imp (summoned).

Vanquished Creatures
  A sleepcap (D:5)
  A gnoll (D:5)
  3 adders
  2 worms (D:2)
  A dart slug (D:3)
  3 orcs
  6 ball pythons
  4 bats
  6 endoplasms
  6 goblins
  3 hobgoblins
  4 jackals
  3 kobolds
  2 quokkas
  2 frilled lizards (D:2)
  3 rats
50 creatures vanquished.

Vanquished Creatures (collateral kills)
  An ice beast (D:5)
  An ogre (D:4)
  A scorpion (D:5)
  3 jellies
  An orc priest (D:4)
  A sleepcap (D:5)
  3 iguanas
  2 orc wizards
  Terence (D:3)
  Robin (D:3)
  13 gnolls
  An adder (D:3)
  An ufetubus (D:5)
  A worm (D:2)
  2 dart slugs
  10 orcs
  An endoplasm (D:1)
  A giant cockroach (D:4)
  10 goblins
  7 hobgoblins
  6 jackals
  A kobold (D:1)
  4 quokkas
  3 ball pythons
  A bat (D:1)
  A frilled lizard (D:2)
  3 rats (D:1)
81 creatures vanquished.

Grand Total: 131 creatures vanquished

Notes
Turn   | Place    | Note
-------+----------+-------------------------------------------
     0 | D:1      | ChadusMaximus the Human Summoner began the quest for the
                  | Orb.
     0 | D:1      | Reached XP level 1. HP: 13/13 MP: 3/3
   273 | D:1      | Reached XP level 2. HP: 14/19 MP: 1/5
   636 | D:1      | Reached XP level 3. HP: 20/24 MP: 2/6
  1291 | D:1      | Learned a level 2 spell: Call Imp
  1295 | D:1      | Learned a level 3 spell: Call Canine Familiar
  1468 | D:2      | Reached XP level 4. HP: 15/30 MP: 7/7
  1595 | D:2      | Reached skill level 5 in Summonings
  1785 | D:2      | Reached XP level 5. HP: 33/35 MP: 9/9
  2803 | D:3      | Noticed Terence
  2812 | D:3      | Killed Terence
  2903 | D:3      | Reached XP level 6. HP: 41/41 MP: 10/10
  3207 | D:3      | Noticed Robin
  3383 | D:3      | Killed Robin
  3468 | D:3      | Found an ornate altar of the Wu Jian Council.
  3765 | D:4      | Found a transporter.
  3767 | D:4      | Noticed Graphine's ghost (novice HOFi)
  3782 | D:4      | Found Kamol's Assorted Antiques.
  3860 | D:4      | Reached skill level 6 in Summonings
  4000 | D:4      | Found Taruaff's Magic Scroll Shop.
  4432 | D:4      | Found a shadowy altar of Dithmenos.
  4485 | D:4      | Noticed an ogre
  4517 | D:4      | Killed an ogre
  4518 | D:4      | Reached XP level 7. HP: 46/46 MP: 3/12
  4729 | D:4      | Found a transporter.
  5259 | D:5      | Entered Level 5 of the Dungeon
  5487 | D:5      | Reached skill level 7 in Summonings
  5593 | D:5      | Found a radiant altar of Vehumet.
  5593 | D:5      | Found a faded altar of an unknown god.
  5600 | D:5      | Found a stormy altar of Qazlal.
  5602 | D:5      | Found a hazy altar of Hepliaklqana.
  5604 | D:5      | Found a faded altar of an unknown god.
  5631 | D:5      | Reached XP level 8. HP: 25/52 MP: 8/14
  6338 | D:5      | Found a staircase to the Ecumenical Temple.
  6347 | Temple   | Entered the Ecumenical Temple
  6362 | Temple   | Became a worshipper of Yredelemnul the Dark
  6455 | D:5      | Succumbed to a scorpion's poison

Illustrated notes

Levels and vault maps discovered:
D:1:      tarquinn_simple_flora_water_f, layout_basic, hangedman_decor_riveting,
          kennysheep_small_spiral, minmay_crystal_water
D:2:      layout_loops_cross
D:3:      kb_forest_paths, layout_basic, nicolae_wu_jian_wuxing_cycle,
          uniq_terence, uniq_robin
D:4:      layout_layer_cave, nicolae_dithmenos_through_a_glass_darkly,
          gammafunk_ghost_mausoleum, nicolae_wooded_promenade
D:5:      layout_basic, chequers_temple_overflow_minitemple, temple_hall
Temple:   hellmonk_temple_two_chambers

Skill      XL: |  1  2  3  4  5  6  7 |
---------------+----------------------+-----
Summonings     | 5 6 7 |  7.4
Dodging        | 3 4 |  4.8
Spellcasting   | 3 4 |  4.4
Stealth        | |  2.0

Action                     |  1- 3 |  4- 6 |  7- 9 || total
---------------------------+-------+-------+-------++-------
  Melee: Unarmed           |    47 |       |       ||    47
         Club              |    38 |       |       ||    38
         Punch             |     2 |     1 |       ||     3
         Dagger            |    20 |    69 |       ||    89
         Spear             |       |   101 |    79 ||   180
   Cast: Summon Small Mamm |    38 |    21 |    11 ||    70
         Call Canine Famil |     2 |    15 |    12 ||    29
         Call Imp          |     1 |    13 |     9 ||    23
   Stab: Sleeping          |     5 |     6 |     1 ||    12
         Distracted        |       |       |     4 ||     4
 Armour: Robe              |    24 |    26 |    10 ||    60
  Dodge: Dodged            |   115 |   108 |    82 ||   305
